 Dungeon Crawl Stone Soup version 0.30-b1-2-g02819fbbbe (webtiles) character file.

Game seed: 1599706092044484951

135 RevX99 the Cutter (level 4, -1/40 HPs)
             Began as a Minotaur Fighter on May 17, 2023.
             Was an Initiate of Trog.
             Slain by an orc wizard
             ... wielding a +0 dagger
              (3 damage)
             ... on level 3 of the Dungeon.
             The game lasted 00:22:49 (2053 turns).

RevX99 the Cutter (Minotaur Fighter)                Turns: 2053, Time: 00:22:50

Health: -1/40      AC: 12    Str: 23    XL:     4   Next: 96%
Magic:  3/3        EV:  6    Int:  5    God:    Trog [......]
Gold:   151        SH:  0    Dex:  9    Spells: 3/3 levels left

rFire   + . .        a - +0 long sword
rCold   x . .        c - +0 buckler
rNeg    + . .        u - +0 plate armour
rPois   .            (helmet restricted)
rElec   .            (no cloak)
rCorr   .            s - +0 pair of gloves
SInv    .            (no boots)
Will    .....        (no amulet) Stlth
                     e - ring of positive energy
HPRegen 0.26/turn    q - ring of fire
MPRegen 0.08/turn

%: no passive effects
@: confused, lethally poisoned (-1 -> -12), very slow
A: horns 2, retaliatory headbutt
a: Renounce Religion


You were on level 3 of the Dungeon.
You worshipped Trog.
Trog was noncommittal.
You visited 1 branch of the dungeon, and saw 3 of its levels.

You collected 151 gold pieces.


Innate Abilities, Weirdness & Mutations

You have a pair of horns on your head.
You reflexively headbutt those who attack you in melee.


   Skills:
 - Level 3.9 Fighting
 + Level 4.4(4.8) Short Blades
 - Level 2.7(4.2) Long Blades
 - Level 3.9 Armour
 - Level 3.9 Shields


You had 3 spell levels left.
You didn't know any spells.
Your spell library contained the following spells:

 Spells                   Type           Power      Damage    Failure   Level
 Hailstorm                Conj/Ice       0%         3d3       100%        3
 Ice Form                 Ice/Tmut       0%         N/A       100%        4
 Summon Lightning Spire   Summ/Air       0%         N/A       100%        4
 Simulacrum               Ice/Necr       0%         N/A       100%        6
 Storm Form               Tmut/Air       0%         N/A       100%        7
 Maxwell's Capacitive Co  Air            0%         death     100%        8

Inventory:

Hand Weapons
 a - a +0 long sword (weapon)
Missiles
 r - 2 throwing nets
 w - 4 boomerangs (quivered)
Armour
 c - a +0 buckler (worn)
 s - a +0 pair of gloves (worn)
 u - a +0 plate armour (worn)
Jewellery
 e - a ring of positive energy (left hand)
 q - a ring of fire (right hand)
Scrolls
 h - 2 scrolls of identify
 l - a scroll of magic mapping {unknown}
 o - 3 scrolls of amnesia {unknown}
 t - a scroll of fear {unknown}
Potions
 d - a potion of lignification
 f - 2 potions of magic {unknown}
 g - 2 potions of berserk rage {unknown}
 j - a potion of flight {unknown}
 k - a potion of degeneration {unknown}
 m - a potion of attraction {unknown}
 n - a potion of curing {unknown}
 p - 2 potions of mutation {unknown}
 v - a potion of brilliance {unknown}


Message History

You bump into the rock wall.
You're too confused to move!
The orc wizard mumbles some strange words.
The orc wizard flickers and vanishes!
Deactivating autopickup; reactivate with Ctrl-A.
You see here a +0 hand axe.
Something hits you but does no damage.
You closely miss something. Your headbutt misses something.
You hear some strange, mumbled words.
You are more confused.
You bump into the rock wall.
Something hits you but does no damage.
You're too confused to move!
You hear some strange, mumbled words.
You are more confused.
Something hits you but does no damage. The orc hits you but does no damage.
Something hits you but does no damage.
You hit the orc.
The orc is severely wounded.
Something hits you but does no damage. The orc hits you but does no damage. x2
You are poisoned.
You miss the orc. Your headbutt misses the orc.
You feel sick. Something hits you but does no damage.
The orc hits you with a +0 short sword.
The orc hits you with a +0 dagger of venom.
You are more poisoned.
You barely miss something. Your headbutt misses something.
You feel very sick. Something hits you but does no damage.
The orc barely misses you. The orc hits you but does no damage.
You are lethally poisoned!
You feel very sick. The orc hits you but does no damage.
Something hits you but does no damage. The orc attacks as you move away!
The orc barely misses you.
* * * LOW HITPOINT WARNING * * *
You feel very sick. The orc attacks as you move away!
The orc hits you but does no damage.
You are more poisoned.
* * * LOW HITPOINT WARNING * * *
You feel very sick. Something hits you.
You die...

.# #.######.#.####.# #.#####
.#####.###....#.####(## ##.#
.##...............#...###..####
.##.#...............#.........#
...........######.....#######.#
..##....##.### #..#.## #.#
..##...##.#..## #..#.# #.#
..##...#.##...###o...########.##
..##....##.#....@{g.......).)).#
..##..##.##.#.###o..)########..#
......# ...###. #....# #..#
...##.....## #......# #.%# ...
###.... #.###...# #..# ..
###...#. ....# #..... . ....
##.... ......## #.#.>
............... ####.# #########


You could see 2 orcs and a hobgoblin.

Vanquished Creatures
  A jelly (D:3)
  5 gnolls
  2 adders (D:2)
  A dart slug (D:2)
  3 orcs (D:3)
  2 ball pythons
  2 bats (D:2)
  2 endoplasms
  2 giant cockroaches (D:3)
  2 hobgoblins
  4 quokkas
  2 frilled lizards (D:1)
  6 goblins
  2 kobolds
  2 rats (D:1)
38 creatures vanquished.

Notes
Turn   | Place    | Note
-------+----------+-------------------------------------------
     0 | D:1      | RevX99 the Minotaur Fighter began the quest for the Orb.
     0 | D:1      | Reached XP level 1. HP: 19/19 MP: 0/0
   161 | D:1      | Reached XP level 2. HP: 14/27 MP: 1/1
   429 | D:1      | Noticed a walking frostbound tome
   431 | D:1      | Found Tor Ysuc's Book Shop.
   438 | D:1      | Noticed a walking crystal tome
   462 | D:1      | Reached skill level 1 in Short Blades
   821 | D:2      | Reached XP level 3. HP: 32/33 MP: 2/2
   848 | D:2      | Reached skill level 2 in Short Blades
  1211 | D:3      | Found a snail-covered altar of Cheibriados.
  1215 | D:3      | Became a worshipper of Cheibriados the Contemplative
  1622 | D:3      | Found a bloodstained altar of Trog.
  1627 | D:3      | Fell from the grace of Cheibriados
  1627 | D:3      | Became a worshipper of Trog the Wrathful
  1697 | D:3      | Found a glowing silver altar of Zin.
  1808 | D:3      | Reached skill level 3 in Short Blades
  1809 | D:3      | Reached XP level 4. HP: 34/40 MP: 3/3
  1953 | D:3      | Reached skill level 4 in Short Blades
  2051 | D:3      | HP: 7/40 [poisoned by an orc]
  2052 | D:3      | HP: 2/40 [poisoned by an orc]
  2053 | D:3      | Slain by an orc wizard

Levels and vault maps discovered:
D:1:      spicycebolla_arrival_risky_transporter, layout_basic, serial_shops,
          nicolae_shop_mannequins, serial_bayou_lagoon_b
D:2:      layout_rooms
D:3:      layout_loops_ring, lightli_temple_of_fire, cheibriados_altar_1,
          nicolae_overflow_crystal_walls

Action                     |  1- 3 |  4- 6 || total
---------------------------+-------+-------++-------
  Melee: Long sword        |    77 |    41 ||   118
         Headbutt          |    11 |     5 ||    16
    Use: Potion            |     1 |       ||     1
         Scroll            |     1 |     1 ||     2
 Armour: Scale mail        |    45 |       ||    45
         Plate armour      |     2 |    51 ||    53
  Dodge: Dodged            |    32 |    16 ||    48
  Block: Buckler           |    17 |     9 ||    26
